AoeStats
← Ballentyne

Pilgrims

509444489Analyzed
4v4 RM · 4d ago on Sep 26, 2026· 74m 1s· 8 players
Game mode
Random Map
Map size
Large (8 player)
Population
200
Speed
Normal
Resources
Standard
Victory
Conquest
Starting age
Dark Age
Ending age
Imperial Age
RankedLock teamsTeams togetherTeam positionsShared explorationLock speedFull tech treeHidden civsTurbo modeCheats
Victory
Defeat
🇨🇦 Aztecs · Canada
938
+12
🇬🇧 Japanese · United Kingdom
922
+29
781
+19
🇦🇷 Persians · Argentina
764
+19
🇨🇦 Berbers · Canada
972
-21
🇨🇳 Byzantines · China
847
-16
🇩🇪 Varangians · Germany
812
-14
🇩🇪 Vietnamese · Germany
747
-12
youtube.com/@Murkwilect
9:35 Loom
12:26 Feudal Age
12:53 Double-Bit Axe
12:51 Horse Collar
16:22 Wheelbarrow
18:49 Castle Age
17:50 Scale Barding Armor
19:14 Gold Mining
21:06 Bow Saw
21:17 Bloodlines
25:56 Hand Cart
34:42 Fletching
34:53 Padded Archer Armor
37:53 Bodkin Arrow
39:12 Leather Archer Armor
41:53 Imperial Age
39:41 Thumb Ring
39:59 Ballistics
39:36 Murder Holes
42:38 Bracer
43:09 Ring Archer Armor
42:02 Elite Genitour
43:57 Chemistry
44:03 Husbandry
43:42 Light Cavalry
46:10 Chain Barding Armor
46:00 Forging
46:31 Conscription
48:37 Hussar
52:52 Plate Barding Armor
52:53 Iron Casting
52:16 Cavalier
54:11 Siege Engineers
53:47 Treadmill Crane
54:17 Masonry
53:31 Onager
58:58 Hoardings
59:21 Gold Shaft Mining
62:07 Guilds
61:58 Caravan
FabiD
5:44 Loom
14:34 Feudal Age
15:23 Town Watch
15:32 Horse Collar
15:53 Double-Bit Axe
16:04 Man-at-Arms
16:30 Arson
16:43 Gold Mining
18:12 Wheelbarrow
17:45 Stone Mining
19:56 Scale Mail Armor
20:06 Forging
29:05 Castle Age
30:17 Bow Saw
30:10 Town Patrol
31:08 Chain Mail Armor
31:04 Forging
33:35 Fletching
33:46 Padded Archer Armor
34:22 Iron Casting
33:53 Scale Barding Armor
33:39 Crossbowman
35:01 Heavy Plow
36:17 Gambesons
38:04 Long Swordsman
42:16 Bodkin Arrow
45:53 Stone Shaft Mining
46:34 Hand Cart
55:54 Leather Archer Armor
55:39 Pikeman
56:20 Squires
Explorer
14:24 Loom
17:11 Feudal Age
18:05 Double-Bit Axe
19:29 Wheelbarrow
21:06 Horse Collar
22:12 Fletching
28:33 Castle Age
29:05 Padded Archer Armor
29:21 Bodkin Arrow
31:01 Leather Archer Armor
30:13 Crossbowman
31:44 Hand Cart
32:18 Ballistics
33:12 Stone Mining
41:05 Bow Saw
40:54 Murder Holes
62:33 Elite Skirmisher
67:28 Thumb Ring
1829032
5:01 Loom
14:19 Feudal Age
15:12 Double-Bit Axe
15:25 Horse Collar
20:35 Castle Age
19:49 Forging
19:45 Scale Barding Armor
22:44 Fletching
22:55 Scale Mail Armor
23:58 Wheelbarrow
23:01 Pikeman
26:27 Murder Holes
26:55 Hand Cart
30:07 Gold Mining
34:22 Imperial Age
31:50 Treadmill Crane
34:16 Heavy Plow
35:07 Husbandry
35:39 Ballistics
38:32 Padded Archer Armor
40:33 Chemistry
40:40 Conscription
40:35 Halberdier
52:05 Fortified Wall
52:37 Iron Casting
52:17 Chain Mail Armor
56:49 Medium Warships
59:52 Onager
SuperPaul2Turbo
6:37 Loom
9:15 Loom
11:09 Feudal Age
12:48 Double-Bit Axe
13:49 Wheelbarrow
13:19 Man-at-Arms
14:04 Town Watch
14:05 Fishing Lines
21:22 Castle Age
20:40 Gold Mining
20:34 Horse Collar
21:03 Arson
22:25 Forging
22:22 Scale Mail Armor
23:32 Long Swordsman
25:32 Squires
25:18 Gambesons
27:07 Fletching
28:01 Iron Casting
33:47 Imperial Age
33:07 Fletching
34:10 Two-Handed Swordsman
35:56 Blast Furnace
35:11 Chain Mail Armor
41:14 Champion
46:06 Pikeman
48:24 Heavy Scorpion
50:11 Halberdier
51:49 Plate Mail Armor
51:46 Siege Engineers
53:57 Bodkin Arrow
55:07 Chemistry
54:31 Ballistics
54:26 Masonry
70:24 Hand Cart
Ballentyne
13:10 Feudal Age
12:51 Loom
16:16 Wheelbarrow
15:26 Horse Collar
16:57 Man-at-Arms
19:21 Double-Bit Axe
20:47 Arson
21:15 Gold Mining
21:15 Stone Mining
25:06 Castle Age
23:36 Forging
23:28 Scale Mail Armor
35:09 Bow Saw
37:30 Caravan
38:01 Coinage
38:03 Hand Cart
38:16 Heavy Plow
39:44 Long Swordsman
40:21 Gambesons
40:37 Squires
41:55 Medium Warships
42:52 Elite Skirmisher
46:11 Ballistics
45:52 Fletching
46:03 Padded Archer Armor
46:41 Iron Casting
46:21 Chain Mail Armor
50:35 Imperial Age
49:08 Bodkin Arrow
48:56 Treadmill Crane
49:35 Leather Archer Armor
52:50 Banking
52:53 Bracer
53:34 Crop Rotation
53:05 Elite Jaguar Warrior
54:06 Conscription
55:30 Garland Wars
55:13 Atlatl
59:13 Heavy Warships
58:45 Heated Shot
59:57 Chemistry
60:00 Blast Furnace
59:31 Plate Mail Armor
59:58 Siege Engineers
59:45 Two-Handed Swordsman
59:48 Pikeman
64:44 Champion
70:27 Murder Holes
70:42 Fortified Wall
70:59 Crossbowman
72:01 Redemption
72:02 Fervor
71:15 Demolition Ship
71:36 Fishing Lines
71:52 Guard Tower
71:48 Arrowslits
72:14 Careening
72:15 Clinker Construction
72:26 Shipwright
HEAD__SHOT
3:46 Loom
11:04 Feudal Age
12:14 Wheelbarrow
11:33 Double-Bit Axe
11:38 Fishing Lines
17:46 Castle Age
15:47 Horse Collar
17:31 Bloodlines
18:51 Hand Cart
19:38 Husbandry
19:44 Stone Mining
19:46 Gold Mining
20:08 Fletching
20:20 Padded Archer Armor
22:25 Gillnets
24:08 Medium Warships
24:26 Kamandaran
25:13 Thumb Ring
26:12 Leather Archer Armor
25:33 Crossbowman
28:28 Bodkin Arrow
33:07 Town Watch
35:50 Ballistics
35:41 Masonry
38:59 Imperial Age
39:38 Conscription
44:00 Chemistry
42:57 Murder Holes
43:54 Town Patrol
44:34 Architecture
44:31 Citadels
47:08 Elite War Elephant
49:22 Ring Archer Armor
49:03 Forging
48:59 Scale Barding Armor
67:49 Herbal Medicine
68:09 Block Printing
󠀡󠀡󠀡󠀡󠀡󠀡󠀡󠀡
16:54 Feudal Age
19:10 Fishing Lines
21:14 Double-Bit Axe
21:23 Loom
22:13 Wheelbarrow
21:24 Town Watch
24:01 Castle Age
27:15 Husbandry
28:35 Bloodlines
30:10 Hand Cart
29:41 Town Watch
30:09 Gillnets
32:09 Scale Barding Armor
32:16 Forging
32:07 Scale Mail Armor
31:58 Fletching
32:08 Padded Archer Armor
42:24 Imperial Age
39:51 Gold Mining
39:51 Stone Mining
41:01 Tusk Swords
45:34 Clinker Construction
49:37 Carvel Hull
50:40 Bow Saw
51:43 Conscription
50:45 Elite Ballista Elephant
50:49 Elite Battle Elephant
51:37 Double Crossbow
56:40 Iron Casting
56:20 Chain Mail Armor
56:25 Chain Barding Armor
56:00 Bodkin Arrow
56:20 Leather Archer Armor
62:39 Hoardings
61:36 Sappers
64:47 Town Patrol
65:30 Coinage
67:30 Blast Furnace
67:05 Plate Barding Armor
66:31 Bracer
67:01 Ring Archer Armor
69:21 Banking
Connection lost

Rejoining the realm…

Still unreachable

The connection could not be restored.

Session expired

The server has moved on; the page needs a fresh start.